 Dungeon Crawl Stone Soup version 0.18.1-6-gd335043 (webtiles) character file.

1454 Jerry the Cruncher (level 8, 61/62 HPs)
             Began as a Minotaur Gladiator on May 16, 2016.
             Quit the game on level 5 of the Dungeon.
             The game lasted 00:12:25 (3388 turns).

Jerry the Cruncher (Minotaur Gladiator)             Turns: 3388, Time: 00:12:26

Health: 61/62      AC:  9    Str: 22    XL:     8   Next: 47%
Magic:  7/7        EV: 12    Int:  5    God:
Gold:   319        SH:  0    Dex: 11    Spells: 0 memorised, 7 levels left

rFire  . . .     SeeInvis .     a - +0 quarterstaff
rCold  . . .     Gourm    .     m - +0 ring mail
rNeg   . . .     Faith    .     (shield currently unavailable)
rPois  .         Spirit   .     c - +0 hat
rElec  .         Dismiss  .     r - +0 cloak
rCorr  .         Reflect  .     (no gloves)
SustAt .         Harm     .     n - +0 pair of boots
MR     .....                    (no amulet)
Stlth  +.........               (no ring)
                                (no ring)

@: not resistant to hostile enchantments, very unstealthy
A: retaliatory headbutt, horns 2
a: no special abilities


You were on level 5 of the Dungeon.
You were not hungry.

You visited 1 branch of the dungeon, and saw 5 of its levels.
You also visited: Sewer.

You collected 319 gold pieces.

Inventory:

Hand Weapons
 a - a +0 quarterstaff (weapon)
Missiles
 d - 4 throwing nets (quivered)
Armour
 c - a +0 hat (worn)
 m - a +0 ring mail (worn)
 n - a +0 pair of boots (worn)
 r - a +0 cloak (worn)
Wands
 v - a wand of iceblast (6/15)
 y - a wand of slowing (43/48)
Scrolls
 b - a scroll of teleportation {unknown}
 g - 3 scrolls of identify {unknown}
 h - 6 scrolls of remove curse {unknown}
 o - 2 scrolls of enchant armour {unknown}
 q - 3 scrolls of enchant weapon {unknown}
 u - a scroll of fear {unknown}
 z - a scroll of noise {unknown}
 C - a scroll of recharging {unknown}
Potions
 e - 2 potions of agility
 i - 3 potions of flight {unknown}
 j - 2 potions of brilliance {unknown}
 p - 2 potions of curing {unknown}
 s - 2 potions of mutation {unknown}
 t - 5 potions of heal wounds {unknown}
 x - a potion of lignification {unknown}
 B - a potion of invisibility {unknown}
Books
 A - a book of the Warp

   Spells                             Type                      Level
   a - Recall                         Summoning/Translocation      3
   b - Gell's Gravitas                Hexes/Translocation          3
   c - Force Lance                    Conjuration/Translocation    4
   d - Warp Weapon                    Charms/Translocation         5
   e - Summon Forest                  Summoning/Translocation      5
Comestibles
 f - 3 bread rations
 k - 7 fruits
 l - 2 beef jerkies
 w - a chunk of flesh


   Skills:
 - Level 2.4 Fighting
 + Level 9.7 Staves
 - Level 2.0 Throwing
 + Level 8.7 Armour
 - Level 3.2 Dodging


You had 7 spell levels left.
You didn't know any spells.

Dungeon Overview and Level Annotations

Branches:
Dungeon (5/15)
 Temple: D:4-7

Altars:
Cheibriados
Elyvilon
Gozag

Annotations:
D:5 Jerry's ghost, novice MiGl


Innate Abilities, Weirdness & Mutations

You reflexively headbutt those who attack you in melee.
You have a pair of horns on your head.


Message History

You barely miss the crimson imp.
The crimson imp is heavily wounded.
The crimson imp hits you but does no damage.
You barely miss the crimson imp.
The crimson imp is moderately wounded.
The crimson imp closely misses you. You furiously retaliate!
You headbutt the crimson imp. You miss the crimson imp.
You headbutt the crimson imp.
The crimson imp is almost dead.
You barely miss the crimson imp.
The crimson imp is almost dead.
The crimson imp barely misses you. You furiously retaliate!
You headbutt the crimson imp.
You kill the crimson imp!
There is a stone staircase leading down here.
You climb downwards.
Level annotation: Jerry's ghost, novice MiGl
There is a stone staircase leading up here.
Found a spear.
Found a stone staircase leading down.
Are you sure you want to abandon this character and quit the game? (Confirm with "yes".)

#
#.##.######.###
.....>....)....
#@# #.#
#.###.#.#
#<......#
#####.#.#


There were no monsters in sight!

Vanquished Creatures
  Grinder (D:3)
  An ice beast (D:5)
  3 ogres (D:4)
  2 phantoms
  A crocodile (Sewer)
  A howler monkey (D:4)
  A crimson imp (D:4)
  2 orc priests (D:3)
  4 orc wizards
  An iguana (D:4)
  Ijyb (D:2)
  Jessica (D:3)
  Natasha (thrice) (D:3)
  A hound skeleton (D:4)
  A howler monkey skeleton (D:4)
  7 adders
  4 gnolls
  2 oozes
  An adder skeleton (D:4)
  2 worms (D:3)
  9 dart slugs
  7 giant geckos
  10 orcs
  A ball python (D:1)
  5 giant cockroaches
  7 goblins
  6 hobgoblins
  9 jackals
  10 kobolds
  2 quokkas (D:2)
  6 bats
  A giant cockroach zombie (D:5)
  6 giant newts
  A quokka skeleton (D:4)
  13 rats
133 creatures vanquished.

Notes
Turn   | Place    | Note
--------------------------------------------------------------
     0 | D:1      | Jerry the Minotaur Gladiator began the quest for the Orb.
     0 | D:1      | Reached XP level 1. HP: 18/18 MP: 0/0
    36 | D:1      | Reached skill level 4 in Staves
    36 | D:1      | Reached skill level 1 in Armour
    36 | D:1      | Reached XP level 2. HP: 25/25 MP: 1/1
   281 | D:1      | Reached XP level 3. HP: 28/30 MP: 2/2
   527 | D:2      | Found an opulent altar of Gozag.
   554 | D:2      | Reached XP level 4. HP: 37/37 MP: 3/3
   652 | D:2      | Reached skill level 5 in Staves
  1002 | D:2      | Noticed Ijyb
  1011 | D:2      | Killed Ijyb
  1223 | D:3      | Found a glowing drain.
  1238 | D:3      | Reached XP level 5. HP: 32/42 MP: 4/4
  1320 | Sewer    | Entered a sewer
  1373 | Sewer    | Noticed a crocodile
  1381 | Sewer    | Killed a crocodile
  1481 | D:3      | Reached skill level 6 in Staves
  1486 | D:3      | Noticed Natasha
  1491 | D:3      | Killed Natasha
  1516 | D:3      | Noticed Natasha
  1518 | D:3      | Killed Natasha
  1518 | D:3      | Reached XP level 6. HP: 35/50 MP: 5/5
  1627 | D:3      | Found a white marble altar of Elyvilon.
  1664 | D:3      | Noticed Grinder
  1680 | D:3      | Killed Grinder
  1680 | D:3      | Reached skill level 7 in Staves
  1680 | D:3      | Reached skill level 5 in Armour
  1712 | D:3      | Noticed Natasha
  1716 | D:3      | Killed Natasha
  1717 | D:3      | Reached XP level 7. HP: 54/56 MP: 6/6
  1837 | D:3      | Noticed Jessica
  1842 | D:3      | Killed Jessica
  2073 | D:4      | Reached skill level 8 in Staves
  2473 | D:4      | Reached XP level 8. HP: 62/62 MP: 7/7
  2521 | D:4      | Reached skill level 9 in Staves
  2640 | D:4      | Found a snail-covered altar of Cheibriados.
  3068 | D:5      | Entered Level 5 of the Dungeon
  3083 | D:5      | Noticed Jerry's ghost (novice MiGl)
  3388 | D:5      | Quit the game

Skill      XL: |  1  2  3  4  5  6  7  8 |
---------------+-------------------------+-----
Staves         | 4 5 6 7 8 9 |  9.7
Armour         | 1 2 3 4 6 7 8 |  8.7
Fighting       | |  2.4
Throwing       | |  2.0
Dodging        | |  3.2

Action                   |  1- 3 |  4- 6 |  7- 9 || total
-------------------------+-------+-------+-------++-------
Melee: Quarterstaff      |    56 |   104 |   177 ||   337
       Headbutt          |    12 |    16 |    31 ||    59
Throw: Throwing net      |       |       |     1 ||     1
  Use: Potion            |       |     1 |       ||     1
  Eat: Chunk             |       |     3 |     5 ||     8
Armor: Leather armour    |    14 |       |       ||    14
       Ring mail         |     1 |    33 |    50 ||    84
Dodge: Dodged            |    54 |    57 |    82 ||   193
